 Dungeon Crawl Stone Soup version 0.19.1 (webtiles) character file.

165 Host24 the Skirmisher (level 5, -6/35 HPs)
             Began as a Kobold Hunter on Dec 26, 2016.
             Killed by divine providence
             ... invoked by an orc priest
              (14 damage)
             ... on level 3 of the Dungeon.
             The game lasted 00:03:42 (1997 turns).

Host24 the Skirmisher (Kobold Hunter)               Turns: 1997, Time: 00:03:43

Health: -6/35      AC:  4    Str: 10    XL:     5   Next: 74%
Magic:  5/5        EV: 16    Int: 12    God:
Gold:   85         SH:  0    Dex: 16    Spells: 0 memorised, 4 levels left

rFire  . . .     SeeInvis .     h - +0 dagger (venom)
rCold  . . .     Gourm    .     c - +0 leather armour
rNeg   . . .     Faith    .     (shield restricted)
rPois  .         Spirit   .     (no helmet)
rElec  .         Reflect  .     q - +0 cloak
rCorr  .         Harm     .     (no gloves)
MR     .....                    (no boots)
Stlth  ++........               (no amulet)
                                (no ring)
                                (no ring)

@: no status effects
A: carnivore 3
a: no special abilities


You were on level 3 of the Dungeon.
You were completely stuffed.

You visited 1 branch of the dungeon, and saw 3 of its levels.

You collected 85 gold pieces.

Inventory:

Hand Weapons
 a - a +1 hand crossbow
 b - a +0 short sword
 h - a +0 dagger of venom (weapon)
 l - a +1 hand axe of chopping
 u - a +1 short sword of speed
Missiles
 d - 20 bolts
 g - 60 stones (quivered)
Armour
 c - a +0 leather armour (worn)
 q - a +0 cloak (worn)
Jewellery
 t - an uncursed amulet of guardian spirit {unknown}
Scrolls
 e - a scroll of fear {unknown}
 i - a scroll of random uselessness {unknown}
 k - 3 scrolls of identify {unknown}
 m - a scroll of teleportation {unknown}
 n - 2 scrolls of fog {unknown}
 p - a scroll of blinking {unknown}
 s - a scroll of enchant weapon {unknown}
Potions
 j - a potion of curing {unknown}
 o - 3 potions of agility {unknown}
 r - 2 potions of heal wounds {unknown}
 v - a potion of ambrosia {unknown}
Comestibles
 f - 2 meat rations


   Skills:
 - Level 5.0 Fighting
 - Level 4.8 Crossbows
 + Level 4.3 Dodging
 - Level 1.3 Stealth


You had 4 spell levels left.
You didn't know any spells.

Dungeon Overview and Level Annotations

Branches:
Dungeon (3/15)

Altars:
Okawaru
Uskayaw

Annotations:
D:2 1 runed door


Innate Abilities, Weirdness & Mutations

You are small and have problems with some larger weapons.
You are carnivorous and can eat meat at any time.


Message History

The orc priest is moderately wounded.
The orc barely misses you. The orc priest barely misses you.
You hit the orc priest but do no damage.
The orc priest is moderately wounded.
The orc barely misses you.
The orc priest hits you with a short sword.
You hit the orc priest but do no damage.
The orc priest is moderately wounded.
The orc barely misses you.
The orc priest hits you but does no damage.
You closely miss the orc priest.
The orc priest is moderately wounded.
The orc hits you with a short sword.
* * * LOW HITPOINT WARNING * * *
The orc priest hits you with a short sword.
* * * LOW HITPOINT WARNING * * *
The orc barely misses you.
The orc priest calls down the wrath of Beogh upon you.
Beogh smites you!
You die...

.# #.# .# #.# .#
#.# .# #.# ##.##
#.# #...# #.#
#o#.# #.# #)o.#
#.# #@### #.#
#######.# #.#
........#######.#
######(.........#
##.######### #.#
#.# #.# #.#


You could see an orc priest and an orc.

Vanquished Creatures
  Crazy Yiuf (D:2)
  An orc wizard (D:3)
  5 adders (D:2)
  An ooze (D:3)
  2 worms
  A dart slug (D:2)
  2 leopard geckos
  An orc (D:3)
  A ball python (D:1)
  3 giant cockroaches
  2 goblins
  9 hobgoblins
  6 kobolds
  A quokka (D:2)
  9 bats
  4 frilled lizards
  5 rats (D:2)
54 creatures vanquished.

Notes
Turn   | Place    | Note
-------+----------+-------------------------------------------
     0 | D:1      | Host24 the Kobold Hunter began the quest for the Orb.
     0 | D:1      | Reached XP level 1. HP: 12/12 MP: 1/1
   231 | D:1      | Reached XP level 2. HP: 12/18 MP: 2/2
   245 | D:1      | Reached skill level 3 in Fighting
   649 | D:1      | Reached XP level 3. HP: 23/23 MP: 3/3
   743 | D:1      | You fall through a shaft!
   743 | D:2      | Found a runed door.
   743 | D:2      | Noticed Crazy Yiuf
   749 | D:2      | Killed Crazy Yiuf
   749 | D:2      | Reached skill level 4 in Fighting
   749 | D:2      | Reached XP level 4. HP: 21/30 MP: 4/4
   842 | D:2      | Found a hide-covered altar of Uskayaw.
   852 | D:2      | Found an iron altar of Okawaru.
   920 | D:2      | Reached skill level 5 in Fighting
  1269 | D:2      | Reached XP level 5. HP: 22/35 MP: 5/5
  1997 | D:3      | Killed from afar by an orc priest

Skill      XL: |  1  2  3  4  5 |
---------------+----------------+-----
Fighting       | 3 4 5 |  5.0
Dodging        | 4 |  4.3
Crossbows      | |  4.8
Stealth        | |  1.3

Action                   |  1- 3 |  4- 6 || total
-------------------------+-------+-------++-------
Melee: Dagger            |    56 |   116 ||   172
       Short sword       |       |    12 ||    12
 Stab: Distracted        |       |     1 ||     1
       Sleeping          |       |     1 ||     1
  Eat: Chunk             |     4 |     8 ||    12
Armor: Leather armour    |     9 |    22 ||    31
Dodge: Dodged            |    42 |   103 ||   145
